 Dungeon Crawl Stone Soup version 0.25-a0-589-g1e14c549ee (webtiles) character file.

Game seed: 9339308385936828572, levelgen mode: deterministic

144 Gynju the Chopper (level 5, 0/42 HPs)
             Began as a Demonspawn Gladiator on Mar 12, 2020.
             Killed from afar by a white imp (5 damage)
             ... with a puff of frost
             ... summoned by Natasha
             ... on level 2 of the Dungeon.
             The game lasted 00:01:40 (2233 turns).

Gynju the Chopper (Demonspawn Gladiator)            Turns: 2233, Time: 00:01:40

Health: 0/42       AC:  4    Str: 16    XL:     5   Next: 5%
Magic:  0/5        EV: 12    Int:  9    God:
Gold:   191        SH:  0    Dex: 14    Spells: 4/4 levels left

rFire    . . .     SeeInvis .   a - +0 war axe
rCold    . . .     Gourm    .   (no shield)
rNeg     . . .     Faith    .   b - +0 leather armour
rPois    .         Spirit   +   (helmet restricted)
rElec    .         Reflect  .   j - +0 cloak
rCorr    .         Harm     .   (no gloves)
MR       .....                  (no boots)
Stlth    +.........             (no amulet)
HPRegen  0.14/turn              (no ring)
MPRegen  0.09/turn              (no ring)

@: slowed, very slow
A: horns 1, magic shield
a: no special abilities


You were on level 2 of the Dungeon.
You were very hungry.

You visited 1 branch of the dungeon, and saw 3 of its levels.

You collected 191 gold pieces.

Inventory:

Hand Weapons
 a - a +0 war axe (weapon)
Missiles
 d - 3 throwing nets (quivered)
Armour
 b - a +0 leather armour (worn)
 j - a +0 cloak (worn)
Wands
 k - a wand of random effects (13)
Scrolls
 c - a scroll of remove curse {unknown}
 h - 3 scrolls of identify {unknown}
Potions
 e - 2 potions of brilliance {unknown}
 g - a potion of degeneration {unknown}
 i - a potion of heal wounds {unknown}
Comestibles
 f - 2 rations


   Skills:
 + Level 4.0 Fighting
 + Level 4.1 Axes
 - Level 1.7 Throwing
 - Level 2.6 Dodging


You had 4 spell levels left.
You didn't know any spells.
Your spell library was empty.

Dungeon Overview and Level Annotations

Branches:
Dungeon (3/15)

Altars:
Ashenzari
Xom
The Shining One

Annotations:
D:2 Natasha
D:3 Terence


Innate Abilities, Weirdness & Mutations

You have a pair of small horns on your head.
When hurt, damage is shared between your health and your magic reserves.


Message History

Natasha is heavily wounded.
Natasha mumbles some strange words.
The white imp misses you. Natasha claws you.
You closely miss Natasha. Your headbutt misses Natasha.
Natasha is heavily wounded.
You barely miss the white imp. The white imp barely misses you.
Natasha casts a spell at you. The magic dart hits you.
The white imp closely misses you. Natasha claws you!
* * * LOW HITPOINT WARNING * * *
You closely miss Natasha.
Natasha is heavily wounded.
You barely miss the white imp. You closely miss the white imp.
The white imp gestures at you. The puff of frost misses you.
The white imp disappears for a moment.
The white imp hits you but does no damage.
Natasha claws you. The white imp gestures at you. The puff of frost hits you.
You die...

*,#...###########,,,,***,*
*,*,, *,#.............#,#*,*
*,*****,,
**,#.##..#####.#.#.#*,***,,*
*,*
,,,#...........#.#.#*,,,,,,*
**,
**,#.###(#>##......#******,*
*,, ***#.....#.##<.#.### *,*
*,* ,........#.##..#.# *,**
*,, *#########.##..#.##
*,,****, * #.##...@.#*****
**,**,** * #.##..5h5.....#
*,,*,** * #.##.#........#
**,*,* * #.##..........#
*,,(* #.####....^...# **,,**
*,* #........# ****,>,, *,*
#........# *,,,,,**
*,***##.####### *,***,**
*,,,,รท,,* *,,,,,,,


You could see Natasha and 2 white imps.

Vanquished Creatures
  Ijyb (D:2)
  Natasha (twice) (D:2)
  3 adders (D:2)
  2 worms (D:2)
  A dart slug (D:1)
  A ball python (D:1)
  4 bats
  3 giant cockroaches
  4 goblins
  5 hobgoblins
  4 jackals (D:1)
  2 frilled lizards (D:2)
  3 kobolds
  4 rats
39 creatures vanquished.

Notes
Turn   | Place    | Note
-------+----------+-------------------------------------------
     0 | D:1      | Gynju the Demonspawn Gladiator began the quest for the Orb.
     0 | D:1      | Reached XP level 1. HP: 16/16 MP: 1/1
    26 | D:1      | Found a shattered altar of Ashenzari.
   232 | D:1      | Gained mutation: You have a pair of small horns on your
                  | head. [demonic ancestry]
   232 | D:1      | Reached XP level 2. HP: 23/23 MP: 2/2
  1056 | D:2      | Reached XP level 3. HP: 23/28 MP: 3/3
  1504 | D:2      | Noticed Natasha
  1508 | D:2      | Killed Natasha
  1508 | D:2      | Gained mutation: When hurt, damage is shared between your
                  | health and your magic reserves. [demonic ancestry]
  1508 | D:2      | Reached XP level 4. HP: 24/35 MP: 4/4
  1661 | D:2      | Found a shimmering altar of Xom.
  2040 | D:3      | Found a glowing golden altar of the Shining One.
  2041 | D:3      | Noticed Ijyb
  2041 | D:3      | Noticed Terence
  2064 | D:2      | Killed Ijyb
  2210 | D:2      | Noticed Natasha
  2219 | D:2      | Killed Natasha
  2219 | D:2      | Reached XP level 5. HP: 36/42 MP: 3/5
  2221 | D:2      | Noticed Natasha
  2233 | D:2      | Killed from afar by a white imp

Levels and vault maps discovered:
D:1:      dpeg_arrival_simpleton_c, layout_basic, chequers_jeans,
          ashenzari_altar_1
D:2:      layout_basic, marbit_many_paths, uniq_natasha
D:3:      layout_rooms, lemuel_crystal_altar, first_ration,
          uniq_crazy_yiuf_cottage, uniq_jessica, uniq_ijyb, uniq_terence

Skill      XL: |  1  2  3  4 |
---------------+-------------+-----
Axes           | 3 4 |  4.1
Fighting       | 3 4 |  4.0
Throwing       | |  1.7
Dodging        | |  2.6

Action                   |  1- 3 |  4- 6 || total
-------------------------+-------+-------++-------
Melee: War axe           |    74 |    39 ||   113
       Headbutt          |     8 |     4 ||    12
 Stab: Sleeping          |     1 |     1 ||     2
  Eat: Chunk             |     2 |     1 ||     3
Armor: Leather armour    |    14 |    12 ||    26
Dodge: Dodged            |    54 |    18 ||    72

Table legend:
 A = Non-vault XP
 B = Vault XP
 C = Vault XP percentage of total XP
 D = Non-vault monster count
 E = Vault monster count
 F = Vault count percentage of total count
                 A         B        C        D         E       F
            +---------+---------+-------+---------+---------+-------
      Total |     135 |      72 |  34.8 |      36 |       3 |   7.7
            +---------+---------+-------+---------+---------+-------
        D:1 |      31 |       0 |   0.0 |      16 |       0 |   0.0
        D:2 |     104 |      72 |  40.9 |      20 |       3 |  13.0
            +---------+---------+-------+---------+---------+-------
